 Dungeon Crawl Stone Soup version 0.23.1 (webtiles) character file.

Game seed: 18284738700983339311

625 poirepourri the Thaumaturge (level 7, 0/36 HPs)
             Began as a Deep Elf Conjurer on Mar 6, 2019.
             Shot with an arrow by a centaur (12 damage)
             ... on level 5 of the Dungeon.
             The game lasted 00:06:10 (4666 turns).

poirepourri the Thaumaturge (Deep Elf Conjurer)     Turns: 4666, Time: 00:06:11

Health: 0/36       AC:  6    Str: 10    XL:     7   Next: 23%
Magic:  0/22       EV: 13    Int: 22    God:
Gold:   252        SH:  0    Dex: 15    Spells: 8/26 levels left

rFire    . . .     SeeInvis .   a - +1 dagger (pain)
rCold    . . .     Gourm    .   (no shield)
rNeg     . . .     Faith    .   f - +0 robe
rPois    .         Spirit   .   (no helmet)
rElec    .         Reflect  .   (no cloak)
rCorr    .         Harm     .   (no gloves)
MR       .....                  k - +1 pair of boots
Stlth    ++........             (no amulet)
HPRegen  0.12/turn              h - +5 ring of strength
MPRegen  0.18/turn              e - +2 ring of protection

@: no status effects
A: no striking features
a: no special abilities


You were on level 5 of the Dungeon.
You were not hungry.

You visited 1 branch of the dungeon, and saw 5 of its levels.

You collected 252 gold pieces.

Inventory:

Hand Weapons
 a - a +1 dagger of pain (weapon)
 b - a +0 blowgun
Missiles
 j - 5 poisoned needles
 r - 4 silver tomahawks (quivered)
Armour
 f - a +0 robe (worn)
 k - a +1 pair of boots (worn)
Jewellery
 e - a +2 ring of protection (right hand)
 h - a +5 ring of strength (left hand)
 m - an uncursed amulet of harm {unknown}
 p - an uncursed ring of resist corrosion {unknown}
Scrolls
 g - 3 scrolls of teleportation
 o - a scroll of blinking {unknown}
 s - a scroll of remove curse
 v - a scroll of fear {unknown}
 w - a scroll of enchant weapon {unknown}
 x - a scroll of identify
Potions
 d - 3 potions of mutation
 i - a potion of lignification {unknown}
 l - a potion of resistance {unknown}
 n - a potion of magic {unknown}
 q - 2 potions of brilliance {unknown}
 t - a potion of degeneration {unknown}
 u - a potion of cancellation {unknown}
Comestibles
 c - 7 rations


   Skills:
 - Level 2.4 Dodging
 - Level 2.4 Stealth
 - Level 10.1 Spellcasting
 + Level 5.2 Conjurations


You had 8 spell levels left.
You knew the following spells:

 Your Spells              Type           Power        Failure   Level  Hunger
a - Magic Dart            Conj           ####         1%          1    None
b - Searing Ray           Conj           ####..       1%          2    None
c - Dazzling Spray        Conj/Hex       ###...       6%          3    None
d - Iskenderun's Mystic   Conj           ####....     7%          4    ##.....
e - Force Lance           Conj/Tloc      ###.....     21%         4    ##.....
f - Fulminant Prism       Conj/Hex       ###.......   21%         4    ##.....

Your spell library contained the following spells:

 Spells                   Type           Power        Failure   Level  Hunger


Dungeon Overview and Level Annotations

Branches:
Dungeon (5/15)
 Temple: D:4-7

Altars:
Ashenzari


Message History

You finish channeling your searing ray.
The centaur shoots an arrow.
The arrow misses you.
Casting: Searing Ray (safe; 1% risk of failure)
Confirm with . or Enter, or press ? or * to list all spells.
Aiming: Searing Ray (safe; 1% risk of failure)
Press: ? - help, Shift-Dir - straight line, f - centaur
Aim: a centaur, wielding a +0 shortbow The searing ray hits the centaur.
The centaur is moderately wounded. (Press . to maintain the ray.)
The centaur shoots an arrow.
The arrow hits you!
The searing ray hits the centaur!
The centaur is heavily wounded.
The centaur shoots an arrow.
The arrow hits you.
The centaur shoots an arrow.
The arrow hits you.
The searing ray hits the centaur.
The centaur is severely wounded.
Without enough magic to sustain it, your searing ray dissipates.
The centaur shoots an arrow.
The arrow hits you!
You die...

..# #..
##.####....####......###
.. #.. #>#
##........##..## #.#
##.....>## ##.## #.#
##.......# #..#
##..##.......## ##.#
..#........(...# #.###
#...............# #....
...........###..# #....
..........@# #.# #..##
...........†# ..# ##..##
........c....# .#
##...†. ......#......<.
#...... .#...##.........
.....#### #=.#
#................ # ..
.................
...#####....###... #.. #


You could see a centaur.

Vanquished Creatures
  A phantom (D:4)
  An ogre (D:4)
  A scorpion (D:5)
  A crimson imp (D:2)
  A jelly (D:4)
  An orc wizard (D:4)
  A hound (D:4)
  2 iguanas
  A worker ant (D:4)
  A worker ant zombie (D:5)
  4 gnolls (D:3)
  5 adders
  5 worms
  A dart slug (D:1)
  A leopard gecko (D:3)
  10 orcs
  6 bats
  4 giant cockroaches
  12 goblins
  10 hobgoblins
  4 jackals (D:1)
  A quokka (D:3)
  A ball python (D:4)
  3 frilled lizards
  9 kobolds
  A leopard gecko skeleton (D:5)
  8 rats
96 creatures vanquished.

Notes
Turn   | Place    | Note
-------+----------+-------------------------------------------
     0 | D:1      | poirepourri the Deep Elf Conjurer began the quest for the
                  | Orb.
     0 | D:1      | Reached XP level 1. HP: 10/10 MP: 6/6
   326 | D:1      | Reached skill level 4 in Spellcasting
   326 | D:1      | Reached XP level 2. HP: 15/15 MP: 3/9
   480 | D:1      | Learned a level 2 spell: Searing Ray
  1047 | D:1      | Found a shattered altar of Ashenzari.
  1140 | D:2      | Reached XP level 3. HP: 19/19 MP: 7/11
  1147 | D:2      | Learned a level 3 spell: Dazzling Spray
  1147 | D:2      | Reached skill level 5 in Spellcasting
  1789 | D:2      | Reached skill level 6 in Spellcasting
  1789 | D:2      | Reached XP level 4. HP: 17/24 MP: 5/14
  1892 | D:2      | Learned a level 4 spell: Iskenderun's Mystic Blast
  1897 | D:2      | Learned a level 4 spell: Force Lance
  2552 | D:3      | Reached skill level 7 in Spellcasting
  2553 | D:3      | Reached XP level 5. HP: 17/28 MP: 5/16
  2698 | D:3      | Learned a level 4 spell: Fulminant Prism
  3282 | D:4      | Reached skill level 8 in Spellcasting
  3520 | D:4      | Noticed a phantom
  3843 | D:4      | Killed a phantom
  3843 | D:4      | Reached XP level 6. HP: 26/32 MP: 2/19
  3959 | D:4      | Reached skill level 9 in Spellcasting
  4225 | D:4      | Reached skill level 10 in Spellcasting
  4225 | D:4      | Reached XP level 7. HP: 28/36 MP: 0/22
  4421 | D:5      | Entered Level 5 of the Dungeon
  4661 | D:5      | Reached skill level 5 in Conjurations
  4666 | D:5      | Shot with an arrow by a centaur

Skill      XL: |  1  2  3  4  5  6  7 |
---------------+----------------------+-----
Spellcasting   | 4 6 7 8 10 | 10.1
Conjurations   | 5 |  5.2
Dodging        | |  2.4
Stealth        | |  2.4

Action                   |  1- 3 |  4- 6 |  7- 9 || total
-------------------------+-------+-------+-------++-------
Melee: Dagger            |       |    32 |    18 ||    50
 Cast: Magic Dart        |    89 |    49 |       ||   138
       Dazzling Spray    |     4 |     1 |       ||     5
       Searing Ray       |     3 |     8 |     3 ||    14
       Iskenderun's Myst |       |    19 |    11 ||    30
  Use: Scroll            |     2 |     3 |       ||     5
       Potion            |       |     1 |       ||     1
  Eat: Ration            |     1 |     3 |       ||     4
Armor: Robe              |     1 |    13 |     8 ||    22
Dodge: Dodged            |     8 |    42 |    11 ||    61
